[Event "ESP-chT 2nd Division 2019"]
[Site "Linares"]
[Date "2019.08.20"]
[Round "2.15"]
[White "Roque Sola, Gisela"]
[Black "Fidalgo Fernandez, Lucia"]
[Result "1/2-1/2"]
[ECO "A15"]
[WhiteElo "2048"]
[BlackElo "2051"]
[Annotator "NA"]
[PlyCount "124"]
[EventDate "2019.08.19"]
[EventType "team-tourn"]
[EventCountry "ESP"]
[SourceTitle "playchess.com"]
[Source "ChessBase"]
[SourceQuality "1"]
[TimeControl "5400+30"]

1. c4 Nf6 2. Nf3 e6 3. g3 c5 4. Bg2 Be7 5. O-O O-O 6. Nc3 d6 7. a3 a6 8. Rb1 Qc7 9. d3 Nbd7 10. b4 Rb8 11. Bd2 b6 12. Qc2 Bb7 13. Rfc1 Rfc8 14. Rb2 Bf8 15. Rcb1 cxb4 16. axb4 d5 17. cxd5 Nxd5 18. Rb3 b5 19. Qb2 N7b6 20. Ne4 Na4 21. Qa1 h6 22. Qe5 Qb6 23. Nd4 f5 24. Nc3 Naxc3 25. Bxc3 Nxc3 26. Rxc3 Bxg2 27. Rxc8 Rxc8 28. Kxg2 Qb7+ 29. Kg1 Bxb4 30. Qxe6+ Kh8 31. Nxf5 Bf8 32. Nh4 Bc5 33. e3 b4 34. d4 Ba7 35. d5 Rd8 36. e4 a5 37. Nf5 Qb6 38. Qxb6 Bxb6 39. Kf1 Bc5 40. Ke2 a4 41. Ne3 a3 42. Nc2 a2 43. Rb2 Ra8 44. Kd3 a1=Q 45. Nxa1 Rxa1 46. f4 Kg8 47. e5 Rc1 48. d6 Kf7 49. Ke4 Ke6 50. f5+ Kd7 51. Kd5 Bxd6 52. exd6 Rd1+ 53. Ke5 Re1+ 54. Kf4 Kxd6 55. Rxb4 Rf1+ 56. Kg4 Ke7 57. Rf4 Rh1 58. h4 Kf6 59. Rf2 Rg1 60. Ra2 h5+ 61. Kf4 Rf1+ 62. Ke4 Re1+ 1/2-1/2

[Event "ESP-chT 2nd Division 2019"]
[Site "Linares"]
[Date "2019.08.20"]
[Round "2.16"]
[White "Sanchez Saez, Francisco"]
[Black "Suarez Gomez, Julio"]
[Result "0-1"]
[ECO "B40"]
[WhiteElo "2359"]
[BlackElo "2433"]
[Annotator "ChessBase"]
[PlyCount "68"]
[EventDate "2019.08.19"]
[EventType "team-tourn"]
[EventCountry "ESP"]
[SourceTitle "playchess.com"]
[Source "ChessBase"]
[SourceQuality "1"]
[TimeControl "5400+30"]

1. e4 c5 2. Nf3 e6 3. d4 cxd4 4. c3 dxc3 5. Nxc3 Nc6 6. Bc4 a6 7. O-O Nge7 8. Bg5 h6 9. Be3 b5 10. Bb3 Bb7 11. Re1 Na5 12. Nd5 Nxd5 13. Bxd5 Be7 14. Bxb7 Nxb7 15. Ne5 Bf6 16. Nd3 d6 17. Qf3 O-O 18. Rad1 Qe7 19. Qg4 Kh7 20. f4 Rfc8 21. e5 dxe5 22. fxe5 Bg5 23. Bxg5 hxg5 24. Nf2 Rd8 25. Ne4 Kg8 26. Nxg5 Qc5+ 27. Kh1 Rxd1 28. Rxd1 Rd8 29. Rf1 Qxe5 30. Qh5 Nd6 31. h4 Rd7 32. Qh7+ Kf8 33. Qg6 Nf5 34. Qh7 Ng3+ 0-1

[Event "ESP-chT 2nd Division 2019"]
[Site "Linares"]
[Date "2019.08.20"]
[Round "2.17"]
[White "Reinaldo Castineira, Roi"]
[Black "Galiana Fernandez, Adrian"]
[Result "1/2-1/2"]
[ECO "C54"]
[WhiteElo "2467"]
[BlackElo "2295"]
[Annotator "ChessBase"]
[PlyCount "70"]
[EventDate "2019.08.19"]
[EventType "team-tourn"]
[EventCountry "ESP"]
[SourceTitle "playchess.com"]
[Source "ChessBase"]
[SourceQuality "1"]
[TimeControl "5400+30"]

1. e4 e5 2. Nf3 Nc6 3. Bc4 Bc5 4. c3 Nf6 5. d4 exd4 6. e5 d5 7. Bb5 Ne4 8. cxd4 Bb6 9. Nc3 O-O 10. Be3 Bg4 11. h3 Bxf3 12. gxf3 Nxc3 13. bxc3 Qh4 14. f4 f5 15. Qf3 Rad8 16. Rg1 Ba5 17. Bd2 Ne7 18. Rg5 Ng6 19. Ke2 c5 20. dxc5 d4 21. Bc4+ Kh8 22. Rh5 dxc3 23. Rxh4 Nxh4 24. Qxb7 Rxd2+ 25. Ke3 g5 26. Rg1 c2 27. Qb2 gxf4+ 28. Kxf4 Rxf2+ 29. Ke3 Rf3+ 30. Ke2 f4 31. e6+ Bc3 32. Qxc2 Rd8 33. e7 Re3+ 34. Kf2 Rf3+ 35. Ke2 Re3+ 1/2-1/2

[Event "ESP-chT 2nd Division 2019"]
[Site "Linares"]
[Date "2019.08.20"]
[Round "2.18"]
[White "Sanchez Dengra, Jose Maria"]
[Black "Abal Cores, Lucas"]
[Result "0-1"]
[ECO "B32"]
[WhiteElo "2216"]
[BlackElo "2290"]
[Annotator "ChessBase"]
[PlyCount "72"]
[EventDate "2019.08.19"]
[EventType "team-tourn"]
[EventCountry "ESP"]
[SourceTitle "playchess.com"]
[Source "ChessBase"]
[SourceQuality "1"]
[TimeControl "5400+30"]

1. e4 c5 2. Nf3 Nc6 3. d4 cxd4 4. Nxd4 e5 5. Nb5 d6 6. N1c3 a6 7. Na3 b5 8. Nd5 Nce7 9. c4 Nxd5 10. exd5 bxc4 11. Nxc4 Nf6 12. Be3 Rb8 13. a4 Be7 14. Be2 O-O 15. O-O Qd7 16. Rc1 Qf5 17. Bb6 Ne8 18. a5 Qg6 19. Kh1 f5 20. Ba7 Rb4 21. Qe1 Rb3 22. Qd1 Rb4 23. Qe1 Rb3 24. Nd2 Rb7 25. Rxc8 Rxa7 26. Qc1 Bg5 27. Rd1 e4 28. Qc6 Bxd2 29. Rxd2 f4 30. Rc2 f3 31. gxf3 exf3 32. Bxf3 Re7 33. Qc3 Rxf3 34. Qb4 Rf4 35. R8c4 Rxc4 36. Rxc4 Qd3 0-1

[Event "ESP-chT 2nd Division 2019"]
[Site "Linares"]
[Date "2019.08.20"]
[Round "2.19"]
[White "Torrado Quintela, Julio"]
[Black "Aledo Yanguas, Javier"]
[Result "1-0"]
[ECO "B13"]
[WhiteElo "2169"]
[BlackElo "2023"]
[Annotator "ChessBase"]
[PlyCount "61"]
[EventDate "2019.08.19"]
[EventType "team-tourn"]
[EventCountry "ESP"]
[SourceTitle "playchess.com"]
[Source "ChessBase"]
[SourceQuality "1"]
[TimeControl "5400+30"]

1. e4 c6 2. d4 d5 3. exd5 cxd5 4. Bd3 Nf6 5. c3 Nc6 6. Bf4 a6 7. Nd2 b5 8. b4 g6 9. a4 bxa4 10. Rxa4 Bg7 11. Ngf3 Nh5 12. Be3 O-O 13. O-O Qd6 14. b5 Nb8 15. Qa1 Rd8 16. Nb3 f6 17. c4 axb5 18. Rxa8 bxc4 19. Qa5 Bb7 20. Ra7 Nc6 21. Qb6 Nxa7 22. Qxb7 Nc6 23. Nc5 cxd3 24. Nxd3 Rb8 25. Qa6 Nxd4 26. Qa7 Nxf3+ 27. gxf3 Rd8 28. Rc1 Rd7 29. Qa8+ Kf7 30. Rc6 Ra7 31. Bxa7 1-0

[Event "ESP-chT 2nd Division 2019"]
[Site "Linares"]
[Date "2019.08.20"]
[Round "2.20"]
[White "Sanchez Dengra, Barbara"]
[Black "Dorado Meijide, Andrea"]
[Result "0-1"]
[ECO "C03"]
[WhiteElo "1983"]
[BlackElo "1762"]
[Annotator "NA"]
[PlyCount "90"]
[EventDate "2019.08.19"]
[EventType "team-tourn"]
[EventCountry "ESP"]
[SourceTitle "playchess.com"]
[Source "ChessBase"]
[SourceQuality "1"]
[TimeControl "5400+30"]

1. e4 e6 2. d4 d5 3. Nd2 h6 4. Ngf3 Nf6 5. e5 Nfd7 6. Bd3 c5 7. c3 Nc6 8. O-O g5 9. dxc5 Bxc5 10. Nb3 Bf8 11. Bb5 Bg7 12. Re1 a6 13. Bxc6 bxc6 14. Nbd4 c5 15. Nf5 exf5 16. Qxd5 Nb6 17. Qxc5 Be6 18. Nd4 Nd7 19. Qc6 O-O 20. Nxe6 fxe6 21. Qxe6+ Kh8 22. Be3 Nxe5 23. Bd4 Ng4 24. Bxg7+ Kxg7 25. Rad1 Qf6 26. Rd7+ Rf7 27. Qd5 Ra7 28. Rxa7 Rxa7 29. h3 Re7 30. Rxe7+ Qxe7 31. hxg4 Qe1+ 32. Kh2 Qxf2 33. Qd4+ Qxd4 34. cxd4 fxg4 35. b4 Kf6 36. a4 Ke6 37. b5 axb5 38. axb5 Kd6 39. Kg3 h5 40. Kf2 h4 41. Ke3 h3 42. gxh3 gxh3 43. Kf3 g4+ 44. Kg3 Kd5 45. Kh2 Kd6 0-1

[Event "ESP-chT 2nd Division 2019"]
[Site "Linares"]
[Date "2019.08.20"]
[Round "2.21"]
[White "Sos Andreu, Eric"]
[Black "Gago Padreny, Ignacio"]
[Result "1-0"]
[ECO "E04"]
[WhiteElo "2354"]
[BlackElo "2258"]
[Annotator "ChessBase"]
[PlyCount "69"]
[EventDate "2019.08.19"]
[EventType "team-tourn"]
[EventCountry "ESP"]
[SourceTitle "playchess.com"]
[Source "ChessBase"]
[SourceQuality "1"]
[TimeControl "5400+30"]

1. d4 Nf6 2. c4 e6 3. g3 d5 4. Bg2 dxc4 5. Nf3 Nc6 6. O-O Rb8 7. e3 b5 8. b3 cxb3 9. axb3 a6 10. Bb2 Be7 11. Qe2 O-O 12. Rd1 Bb7 13. Nbd2 Nb4 14. Nb1 Be4 15. Rd2 Bd5 16. Qd1 Ne4 17. Re2 Qc8 18. Nc3 Nxc3 19. Bxc3 Qb7 20. Ne1 Bxg2 21. Nxg2 Nd5 22. Bb2 Rfd8 23. Rd2 a5 24. e4 Nb6 25. Qg4 g6 26. Re2 h5 27. Qf4 Bd6 28. Qg5 c6 29. Rxa5 Be7 30. Qe3 Ra8 31. Rxa8 Rxa8 32. d5 cxd5 33. Qh6 f6 34. Qxg6+ Kf8 35. Nf4 1-0

[Event "ESP-chT 2nd Division 2019"]
[Site "Linares"]
[Date "2019.08.20"]
[Round "2.22"]
[White "Alcazar Jimenez, Jesus"]
[Black "Torres Sanchez, Jose"]
[Result "1/2-1/2"]
[ECO "B31"]
[WhiteElo "2160"]
[BlackElo "2304"]
[Annotator "ChessBase"]
[PlyCount "71"]
[EventDate "2019.08.19"]
[EventType "team-tourn"]
[EventCountry "ESP"]
[SourceTitle "playchess.com"]
[Source "ChessBase"]
[SourceQuality "1"]
[TimeControl "5400+30"]

1. e4 c5 2. Nf3 Nc6 3. Bb5 g6 4. Bxc6 bxc6 5. O-O Bg7 6. Re1 e5 7. c3 Ne7 8. d4 cxd4 9. cxd4 exd4 10. Nxd4 O-O 11. Nc3 Rb8 12. Nb3 d5 13. Bf4 Rb4 14. Qd2 Rc4 15. Bh6 Bxh6 16. Qxh6 d4 17. Rad1 Qb6 18. Nd2 Rb4 19. Nf3 f6 20. a3 Rc4 21. Nd2 Be6 22. Nd5 cxd5 23. exd5 Rc7 24. dxe6 Qxb2 25. Qf4 Rc6 26. Nf3 Qxa3 27. Qxd4 a5 28. h4 Qc5 29. Qe4 Re8 30. Rd7 Nf5 31. e7 Qc4 32. Qxc4+ Rxc4 33. Ra7 a4 34. h5 Kf7 35. hxg6+ hxg6 36. Ra1 1/2-1/2

[Event "ESP-chT 2nd Division 2019"]
[Site "Linares"]
[Date "2019.08.20"]
[Round "2.23"]
[White "Represa Perez, Mireya"]
[Black "Garcia Salamero, Gabriel"]
[Result "0-1"]
[ECO "B43"]
[WhiteElo "2229"]
[BlackElo "2168"]
[Annotator "ChessBase"]
[PlyCount "110"]
[EventDate "2019.08.19"]
[EventType "team-tourn"]
[EventCountry "ESP"]
[SourceTitle "playchess.com"]
[Source "ChessBase"]
[SourceQuality "1"]
[TimeControl "5400+30"]

1. e4 c5 2. Nf3 e6 3. d4 cxd4 4. Nxd4 a6 5. Nc3 Qc7 6. g3 Nf6 7. Bg2 Be7 8. O-O Nc6 9. Re1 d6 10. Nxc6 bxc6 11. e5 dxe5 12. Rxe5 O-O 13. Re1 Rd8 14. Qf3 Bb7 15. Bf4 Bd6 16. Bxd6 Rxd6 17. Na4 Rad8 18. b3 Qa5 19. c4 e5 20. Qe3 Re8 21. Rad1 Qd8 22. Rxd6 Qxd6 23. Bf3 Bc8 24. Qc5 Qd3 25. Bxc6 Bd7 26. Bxd7 Nxd7 27. Qc6 Nf6 28. Nc5 Qd2 29. Re3 h6 30. Ne4 Qd1+ 31. Kg2 Re6 32. Nxf6+ gxf6 33. Qf3 Qb1 34. Re4 Rd6 35. Rg4+ Kf8 36. Qa8+ Ke7 37. Rg8 f5 38. Qf8+ Ke6 39. Qxh6+ Ke7 40. Qg5+ Rf6 41. Qe3 Re6 42. Ra8 f4 43. Ra7+ Kf8 44. Qf3 Qf5 45. c5 Rh6 46. h4 Rg6 47. Qd5 fxg3 48. fxg3 Rf6 49. Qd2 Qf1+ 50. Kh2 Rf2+ 51. Qxf2 Qxf2+ 52. Kh3 e4 53. Ra8+ Ke7 54. c6 Kd6 55. Re8 e3 0-1

[Event "ESP-chT 2nd Division 2019"]
[Site "Linares"]
[Date "2019.08.20"]
[Round "2.24"]
[White "Collado Barbas, Laura"]
[Black "Meneses Gonzalez, Kevin Moises"]
[Result "0-1"]
[ECO "A41"]
[WhiteElo "2070"]
[BlackElo "2251"]
[Annotator "ChessBase"]
[PlyCount "74"]
[EventDate "2019.08.19"]
[EventType "team-tourn"]
[EventCountry "ESP"]
[SourceTitle "playchess.com"]
[Source "ChessBase"]
[SourceQuality "1"]
[TimeControl "5400+30"]

1. d4 d6 2. Nf3 g6 3. c4 Bg7 4. Nc3 Nd7 5. e4 e5 6. d5 Ne7 7. Be2 h6 8. g4 O-O 9. g5 h5 10. b4 a5 11. bxa5 Nc5 12. Ba3 Rxa5 13. Bb4 Ra8 14. a4 Bg4 15. h3 Bd7 16. a5 Nc8 17. Bxc5 dxc5 18. Nb5 c6 19. dxc6 bxc6 20. Nc3 Rxa5 21. Rxa5 Qxa5 22. Qxd7 Rd8 23. Qxc6 Qxc3+ 24. Kf1 Qb2 25. Qxc5 Qb1+ 26. Kg2 Qxe4 27. Qc7 Rf8 28. Re1 Qf5 29. h4 Qg4+ 30. Kh2 e4 31. Ng1 Qf5 32. Kg2 Be5 33. Qa5 Qf4 34. Bd1 Nd6 35. Bb3 Nf5 36. Qd5 e3 37. Nf3 Nxh4+ 0-1

[Event "ESP-chT 2nd Division 2019"]
[Site "Linares"]
[Date "2019.08.20"]
[Round "2.25"]
[White "Ballester Sanz, Joaquin"]
[Black "Lopez Paniego, Noel"]
[Result "1/2-1/2"]
[ECO "C64"]
[WhiteElo "2027"]
[BlackElo "2059"]
[Annotator "NA"]
[PlyCount "59"]
[EventDate "2019.08.19"]
[EventType "team-tourn"]
[EventCountry "ESP"]
[SourceTitle "playchess.com"]
[Source "ChessBase"]
[SourceQuality "1"]
[TimeControl "5400+30"]

1. e4 e5 2. Nf3 Nc6 3. Bb5 Bc5 4. c3 Nge7 5. d4 exd4 6. cxd4 Bb4+ 7. Nc3 d5 8. e5 O-O 9. O-O Bg4 10. Be2 Ba5 11. Ne1 Bxe2 12. Nxe2 Bb6 13. Nf3 Nf5 14. Qd3 Qd7 15. Bd2 a5 16. Bc3 f6 17. exf6 Rxf6 18. Ng3 Re8 19. Nxf5 Qxf5 20. Qxf5 Rxf5 21. Rfe1 Re4 22. Rxe4 dxe4 23. Nd2 Nxd4 24. Nxe4 Rf4 25. Re1 Nc2 26. Re2 Nd4 27. Re1 Nc2 28. Re2 Nd4 29. Re1 Nc2 30. Re2 1/2-1/2

[Event "ESP-chT 2nd Division 2019"]
[Site "Linares"]
[Date "2019.08.20"]
[Round "2.26"]
[White "Cruz Lledo, Pablo"]
[Black "Melero Fidalgo, Juan De Dios"]
[Result "1-0"]
[ECO "E41"]
[WhiteElo "2445"]
[BlackElo "2295"]
[Annotator "ChessBase"]
[PlyCount "75"]
[EventDate "2019.08.19"]
[EventType "team-tourn"]
[EventCountry "ESP"]
[SourceTitle "playchess.com"]
[Source "ChessBase"]
[SourceQuality "1"]
[TimeControl "5400+30"]

1. d4 Nf6 2. c4 e6 3. Nc3 Bb4 4. Nf3 Bxc3+ 5. bxc3 d6 6. e3 c5 7. Bd3 Nc6 8. O-O O-O 9. Nd2 Re8 10. Nb3 b6 11. f4 Ba6 12. Ba3 d5 13. dxc5 dxc4 14. Be2 Qxd1 15. Rfxd1 Nd5 16. Nd4 Nxd4 17. cxd4 Nxe3 18. Rdc1 b5 19. Bf3 Rab8 20. Rab1 Red8 21. c6 Rbc8 22. Be7 Re8 23. Bc5 Nd5 24. f5 Rxc6 25. fxe6 fxe6 26. Re1 Rd8 27. Bxa7 c3 28. Bc5 b4 29. a3 bxa3 30. Ra1 c2 31. Rxa3 Rb8 32. Be4 Rb1 33. Rxb1 cxb1=Q+ 34. Bxb1 Nf6 35. g4 h6 36. h4 Bc4 37. Ra8+ Kf7 38. Rf8# 1-0

[Event "ESP-chT 2nd Division 2019"]
[Site "Linares"]
[Date "2019.08.20"]
[Round "2.27"]
[White "Hernandez Munoz, Antonio Ramon"]
[Black "Garcia Molla, Victor"]
[Result "0-1"]
[ECO "A40"]
[WhiteElo "2242"]
[BlackElo "2408"]
[Annotator "ChessBase"]
[PlyCount "62"]
[EventDate "2019.08.19"]
[EventType "team-tourn"]
[EventCountry "ESP"]
[SourceTitle "playchess.com"]
[Source "ChessBase"]
[SourceQuality "1"]
[TimeControl "5400+30"]

1. d4 e6 2. Nf3 d5 3. g3 f5 4. Bg2 Bd6 5. b3 c6 6. O-O Qe7 7. Bb2 Nf6 8. c4 O-O 9. Ne5 b6 10. Nc3 Bb7 11. Nd3 Nbd7 12. Qc1 Rac8 13. a4 a5 14. Ba3 Bb4 15. Bb2 Ba6 16. cxd5 cxd5 17. Qd2 Ne4 18. Bxe4 fxe4 19. Nf4 g5 20. Nh3 Bxc3 21. Bxc3 Bxe2 22. Rfc1 Bg4 23. Nxg5 h6 24. f3 exf3 25. h3 f2+ 26. Kg2 Bh5 27. g4 Bg6 28. Nf3 Be4 29. Qxh6 Rxf3 30. Bb4 f1=Q+ 31. Rxf1 Rc2+ 0-1

[Event "ESP-chT 2nd Division 2019"]
[Site "Linares"]
[Date "2019.08.20"]
[Round "2.28"]
[White "Plaza Pardo, Daniel"]
[Black "Gallardo Fernandez, Cesar"]
[Result "0-1"]
[ECO "A15"]
[WhiteElo "2238"]
[BlackElo "2170"]
[Annotator "ChessBase"]
[PlyCount "126"]
[EventDate "2019.08.19"]
[EventType "team-tourn"]
[EventCountry "ESP"]
[SourceTitle "playchess.com"]
[Source "ChessBase"]
[SourceQuality "1"]
[TimeControl "5400+30"]

1. c4 Nf6 2. g3 e5 3. Bg2 c6 4. Nf3 d6 5. Nc3 Be7 6. O-O O-O 7. e4 Nbd7 8. d4 Qc7 9. h3 Re8 10. Be3 b6 11. Qc2 Ba6 12. b3 b5 13. cxb5 cxb5 14. Rfc1 Rac8 15. Qb2 Qb8 16. Nd5 Nxd5 17. exd5 e4 18. Rxc8 Bxc8 19. Ng5 Nf6 20. Nxe4 Nxe4 21. Bxe4 Bxh3 22. Bf3 Bf5 23. Rc1 b4 24. Rc6 h6 25. Qc1 Bd7 26. Rc4 a5 27. Kg2 Bf6 28. Rc7 Re7 29. Kh2 Qb6 30. Rc4 Bb5 31. Rc8+ Kh7 32. Qc2+ g6 33. Qd2 Bg7 34. Kg2 Rc7 35. Rxc7 Qxc7 36. Be4 f5 37. Bf3 Qc3 38. Qxc3 bxc3 39. g4 Bd3 40. gxf5 Bxf5 41. Kf1 c2 42. Ke1 Bxd4 43. Bc1 Kg7 44. Ke2 Kf6 45. Bg2 g5 46. Bf3 Ke5 47. Bg2 Be4 48. Bxe4 Kxe4 49. f3+ Kxd5 50. Kd3 Be5 51. Kxc2 Bf4 52. Bb2 h5 53. Kd1 h4 54. Ke2 h3 55. Kf2 Kc5 56. Bc3 Kb5 57. a4+ Ka6 58. Kg1 Be3+ 59. Kh2 d5 60. b4 d4 61. b5+ Kb6 62. Bxd4+ Bxd4 63. f4 g4 0-1

[Event "ESP-chT 2nd Division 2019"]
[Site "Linares"]
[Date "2019.08.20"]
[Round "2.29"]
[White "Garcia Jimenez, Santiago"]
[Black "Barbera Estelles, Rosendo"]
[Result "0-1"]
[ECO "C58"]
[WhiteElo "2165"]
[BlackElo "2176"]
[Annotator "ChessBase"]
[PlyCount "142"]
[EventDate "2019.08.19"]
[EventType "team-tourn"]
[EventCountry "ESP"]
[SourceTitle "playchess.com"]
[Source "ChessBase"]
[SourceQuality "1"]
[TimeControl "5400+30"]

1. e4 e5 2. Nf3 Nc6 3. Bc4 Nf6 4. Ng5 d5 5. exd5 Na5 6. Bb5+ c6 7. dxc6 bxc6 8. Bd3 Nd5 9. Nf3 Bd6 10. O-O Nf4 11. Re1 Qf6 12. Nc3 Bc7 13. Bf1 Bg4 14. Ne4 Qg6 15. Ng3 O-O 16. h3 Bxf3 17. Qxf3 c5 18. d3 Nc6 19. Nf5 Qxf5 20. Qxc6 Rac8 21. Qe4 Qd7 22. Be2 Ba5 23. Rd1 Nxe2+ 24. Qxe2 Rfe8 25. Bd2 Bxd2 26. Qxd2 Re6 27. Qc3 Rg6 28. Kh1 Qf5 29. Qd2 h6 30. Qe3 Rcc6 31. Rf1 Rcf6 32. Rae1 Rg5 33. Qe4 Qe6 34. Qc4 Qc6 35. Qe4 Qe6 36. Qa8+ Kh7 37. Qe4+ Rfg6 38. f4 exf4 39. Qxe6 fxe6 40. Rxf4 Rxg2 41. Rg4 R6xg4 42. hxg4 Rxc2 43. Rxe6 Rxb2 44. Ra6 Rd2 45. Ra3 Kg6 46. Kg1 Kg5 47. Rxa7 g6 48. Rc7 Rxa2 49. Rxc5+ Kxg4 50. Rc6 Kh5 51. Rf6 Kg5 52. Rd6 h5 53. Rd5+ Kg4 54. Rb5 g5 55. d4 h4 56. d5 Rd2 57. Ra5 Kf4 58. Rb5 g4 59. Rb4+ Kf5 60. Rb5 g3 61. d6+ Kg4 62. Rb4+ Kh3 63. Rb1 Rxd6 64. Ra1 Rd4 65. Kh1 Kg4 66. Rb1 h3 67. Rg1 Rd2 68. Ra1 Kf3 69. Ra3+ Kf2 70. Ra1 Ke2 71. Rg1 Rd1 0-1

[Event "ESP-chT 2nd Division 2019"]
[Site "Linares"]
[Date "2019.08.20"]
[Round "2.30"]
[White "Soler Di Benedetto, Sandra"]
[Black "Barrera Garcia, Rocio"]
[Result "0-1"]
[ECO "A05"]
[WhiteElo "1835"]
[BlackElo "1775"]
[Annotator "NA"]
[PlyCount "84"]
[EventDate "2019.08.19"]
[EventType "team-tourn"]
[EventCountry "ESP"]
[SourceTitle "playchess.com"]
[Source "ChessBase"]
[SourceQuality "1"]
[TimeControl "5400+30"]

1. Nf3 Nf6 2. g3 g6 3. d4 Bg7 4. Bg2 O-O 5. O-O d5 6. c4 dxc4 7. Na3 Nc6 8. Nxc4 Be6 9. Nce5 Bd5 10. Nxc6 Bxc6 11. e3 Qd6 12. Qe2 Rad8 13. Bd2 Ne4 14. Rfc1 Bd5 15. a3 c5 16. dxc5 Nxc5 17. Bb4 b6 18. Rd1 Qc6 19. Nd4 Qb7 20. Bxd5 Rxd5 21. Nb5 Rfd8 22. Nc3 Rxd1+ 23. Rxd1 Rxd1+ 24. Qxd1 Na6 25. Qd8+ Bf8 26. Nd5 Nxb4 27. Nxb4 Qe4 28. Nd5 Kg7 29. b4 Qd3 30. Qa8 Qxa3 31. Kg2 a5 32. b5 Qc5 33. Qb7 Qxb5 34. Nxb6 e6 35. Qc7 Bb4 36. Nd7 Qd5+ 37. Kh3 Bd6 38. Qd8 Qf5+ 39. Kg2 a4 40. Qb6 Qd5+ 41. Kh3 a3 42. Qa5 Qxa5 0-1

[Event "ESP-chT 2nd Division 2019"]
[Site "Linares"]
[Date "2019.08.20"]
[Round "2.31"]
[White "Redondo Benavente, Jose Carlos"]
[Black "Montoliu Cervero, Francisco"]
[Result "1/2-1/2"]
[ECO "B90"]
[WhiteElo "2185"]
[BlackElo "2393"]
[Annotator "ChessBase"]
[PlyCount "81"]
[EventDate "2019.08.19"]
[EventType "team-tourn"]
[EventCountry "ESP"]
[SourceTitle "playchess.com"]
[Source "ChessBase"]
[SourceQuality "1"]
[TimeControl "5400+30"]

1. e4 c5 2. Nf3 d6 3. d4 cxd4 4. Nxd4 Nf6 5. Nc3 a6 6. Be3 e6 7. f3 h5 8. Qd2 b5 9. a4 b4 10. Na2 d5 11. e5 Nfd7 12. f4 Nc5 13. Bd3 Nxd3+ 14. cxd3 a5 15. O-O g6 16. Nc1 Na6 17. Ncb3 Nc5 18. Nxc5 Bxc5 19. Rfc1 Bxd4 20. Bxd4 O-O 21. g3 Kh7 22. h4 Ba6 23. b3 Rc8 24. Rxc8 Qxc8 25. Rc1 Qd7 26. Rc2 Rc8 27. Qc1 Rxc2 28. Qxc2 Kg7 29. Kf2 Kg8 30. Bb6 d4 31. Qc7 Qxc7 32. Bxc7 Bxd3 33. Bxa5 Kf8 34. Bxb4+ Ke8 35. Bc5 Bc2 36. Bxd4 Bxb3 37. a5 Bc4 38. Ke3 Kd7 39. Bb6 Kc6 40. Kd4 Ba6 41. Bd8 1/2-1/2

[Event "ESP-chT 2nd Division 2019"]
[Site "Linares"]
[Date "2019.08.20"]
[Round "2.32"]
[White "Silva Rodriguez, Julio Jose"]
[Black "Rubio Tapia, Jose Juan"]
[Result "1-0"]
[ECO "C43"]
[WhiteElo "2362"]
[BlackElo "2113"]
[Annotator "ChessBase"]
[PlyCount "85"]
[EventDate "2019.08.19"]
[EventType "team-tourn"]
[EventCountry "ESP"]
[SourceTitle "playchess.com"]
[Source "ChessBase"]
[SourceQuality "1"]
[TimeControl "5400+30"]

1. e4 e5 2. Nf3 Nf6 3. d4 exd4 4. e5 Ne4 5. Qxd4 d5 6. exd6 Nxd6 7. Bf4 Nc6 8. Qa4 Bd7 9. Nc3 Ne5 10. Qb3 Nxf3+ 11. gxf3 Bc6 12. O-O-O Qf6 13. Re1+ Be7 14. Bxd6 Qxd6 15. Nb5 Qf4+ 16. Kb1 Rd8 17. Bc4 a6 18. Nc3 Bxf3 19. Rhg1 Kf8 20. Bd5 b6 21. Bxf3 Qxf3 22. Qc4 Bd6 23. Re3 Qf4 24. Qe2 g6 25. Rf3 Qxh2 26. Rd1 Kg7 27. Qc4 f6 28. Ne4 Be5 29. Rfd3 Rxd3 30. Qxd3 Rf8 31. Qxa6 Rf7 32. Qd3 h6 33. a4 f5 34. Nc3 Qxf2 35. Nd5 h5 36. Qb5 Qg3 37. Qe8 h4 38. Rd3 Qe1+ 39. Ka2 Bg3 40. Re3 Qd2 41. Ne7 Rxe7 42. Rxe7+ Kh6 43. Re6 1-0

[Event "ESP-chT 2nd Division 2019"]
[Site "Linares"]
[Date "2019.08.20"]
[Round "2.33"]
[White "Redondo Benavente, Ana"]
[Black "Silva Rodriguez, Fernando"]
[Result "1/2-1/2"]
[ECO "B11"]
[WhiteElo "2071"]
[BlackElo "2253"]
[Annotator "ChessBase"]
[PlyCount "85"]
[EventDate "2019.08.19"]
[EventType "team-tourn"]
[EventCountry "ESP"]
[SourceTitle "playchess.com"]
[Source "ChessBase"]
[SourceQuality "1"]
[TimeControl "5400+30"]

1. e4 c6 2. Nc3 d5 3. Nf3 Bg4 4. h3 Bxf3 5. Qxf3 e6 6. g3 Nd7 7. d4 Bb4 8. Bd2 Ngf6 9. e5 Bxc3 10. Bxc3 Ne4 11. Qe3 f6 12. Bg2 Nxc3 13. Qxc3 O-O 14. O-O f5 15. f4 Qe7 16. Qd3 b5 17. a4 b4 18. a5 c5 19. c4 bxc3 20. bxc3 c4 21. Qc2 Nb8 22. Rfb1 Nc6 23. Qa4 Qd7 24. Rb5 Rab8 25. Rab1 Rxb5 26. Rxb5 Rb8 27. Rxb8+ Nxb8 28. Qa3 Qc7 29. Bf3 Kf7 30. Kf2 Qe7 31. Qb2 Qc7 32. Qb5 a6 33. Qb4 Nc6 34. Qc5 Qb7 35. g4 Ne7 36. Kg3 Qb2 37. Qa7 Qxc3 38. gxf5 Qe1+ 39. Kg2 Qd2+ 40. Kg3 Qe1+ 41. Kg2 Qd2+ 42. Kg3 Qe1+ 43. Kg2 1/2-1/2

[Event "ESP-chT 2nd Division 2019"]
[Site "Linares"]
[Date "2019.08.20"]
[Round "2.34"]
[White "Nieves Cabanes, Javier"]
[Black "Navarro Ortiz De Orruno, Pablo"]
[Result "1-0"]
[ECO "A06"]
[WhiteElo "2211"]
[BlackElo "2057"]
[Annotator "ChessBase"]
[PlyCount "87"]
[EventDate "2019.08.19"]
[EventType "team-tourn"]
[EventCountry "ESP"]
[SourceTitle "playchess.com"]
[Source "ChessBase"]
[SourceQuality "1"]
[TimeControl "5400+30"]

1. Nf3 d5 2. c4 c6 3. d4 Nf6 4. Qc2 e6 5. Nbd2 Nbd7 6. g3 Bd6 7. Bg2 O-O 8. O-O Qe7 9. Rd1 h6 10. b3 b6 11. e4 Nxe4 12. Nxe4 dxe4 13. Qxe4 Bb7 14. Ne5 Rac8 15. Nxd7 Qxd7 16. Qg4 f5 17. Qe2 Rce8 18. c5 Bc7 19. f4 Bd8 20. a4 Bf6 21. Bb2 g5 22. b4 Qc7 23. Rf1 Qg7 24. Rad1 bxc5 25. bxc5 Rf7 26. Qc4 Rd7 27. fxg5 Qxg5 28. Rfe1 Rde7 29. Bc1 Qg7 30. Bf4 Kh8 31. Bd6 Rf7 32. Kh1 h5 33. Rxe6 Rg8 34. Qe2 Qg6 35. Rf1 Bc8 36. Rxf6 Rxf6 37. Be5 Rgf8 38. Bxc6 Kh7 39. Bxf6 Rxf6 40. Bf3 h4 41. Qe7+ Rf7 42. Qxh4+ Kg8 43. Re1 Bd7 44. d5 1-0